 Dungeon Crawl Stone Soup version 0.22-a0-467-g5c5de1cb09 (webtiles) character file.

5251 Oravi the Zephyrmancer (level 10, -2/59 HPs)
             Began as a Tengu Air Elementalist on June 10, 2018.
             Was a Follower of Vehumet.
             Slain by an unseen horror (6 damage)
             ... on level 9 of the Dungeon.
             The game lasted 01:13:44 (14802 turns).

Oravi the Zephyrmancer (Tengu Air Elementalist)    Turns: 14802, Time: 01:13:44

Health: -2/59      AC:  3    Str:  9    XL:     10   Next: 62%
Magic:  2/20       EV: 15    Int: 18    God:    Vehumet [*.....]
Gold:   458        SH:  6    Dex: 15    Spells: 1/22 levels left

rFire    . . .     SeeInvis +   o - +1 whip (venom)
rCold    . . .     Gourm    .   b - +1 buckler
rNeg     . . .     Faith    .   a - +0 robe
rPois    +         Spirit   .   (helmet restricted)
rElec    .         Reflect  .   (no cloak)
rCorr    .         Harm     .   j - +0 pair of gloves (curse)
MR       .....                  (boots unavailable)
Stlth    +++.......             (no amulet)
HPRegen  0.19/turn              z - ring of see invisible
MPRegen  0.17/turn              D - ring of poison resistance

@: no status effects
A: beak, talons 3, able to fly 1
a: Fly, Renounce Religion


You were on level 9 of the Dungeon.
You worshipped Vehumet.
Vehumet was aware of your devotion.
You were not hungry.

You visited 2 branches of the dungeon, and saw 10 of its levels.

You collected 458 gold pieces.

Inventory:

Hand Weapons
 d - a +0 dagger of venom
 m - a +0 war axe
 o - a +1 whip of venom (weapon)
 C - a +3 broad axe
Missiles
 g - 325 stones (quivered)
 k - 13 tomahawks
 w - 3 poisoned tomahawks
 A - 5 tomahawks of returning
 H - 8 needles of sleeping
Armour
 a - a +0 robe (worn)
 b - a +1 buckler (worn)
 j - a cursed +0 pair of gloves (worn)
Magical Staves
 p - an uncursed staff of wizardry
Jewellery
 z - a ring of see invisible (left hand)
 D - a ring of poison resistance (right hand)
Wands
 s - a wand of digging (9)
 G - a wand of polymorph (1)
Scrolls
 f - 5 scrolls of identify
 i - 4 scrolls of enchant armour
 l - 5 scrolls of remove curse
 q - 3 scrolls of teleportation
 x - 2 scrolls of immolation
 y - a scroll of blinking
 B - a scroll of magic mapping
Potions
 h - 2 potions of might
 n - a potion of cancellation
 r - 4 potions of haste
 v - a potion of agility
Comestibles
 c - 11 rations
 u - 5 chunks of flesh


   Skills:
 + Level 5.2 Fighting
 + Level 5.0 Dodging
 - Level 6.0 Stealth
 - Level 4.0 Shields
 + Level 6.6 Spellcasting
 + Level 9.1 Conjurations
 + Level 10.0 Air Magic
 - Level 1.0 Poison Magic


You had one spell level left.
You knew the following spells:

 Your Spells              Type           Power        Failure   Level  Hunger
a - Shock                 Conj/Air       ####         1%          1    None
b - Swiftness             Chrm/Air       ###.....     2%          2    None
c - Static Discharge      Conj/Air       #####...     1%          3    ##.....
d - Airstrike             Air            #####.....   1%          4    ####...
e - Lightning Bolt        Conj/Air       #####.....   6%          5    #####..
f - Blink                 Tloc           N/A          17%         2    None
g - Sting                 Conj/Pois      ###.         1%          1    None
h - Mephitic Cloud        Conj/Pois/Air  ####....     2%          3    ##.....

Your spell library contained the following spells:

 Spells                   Type           Power        Failure   Level  Hunger
 Magic Dart               Conj           ####         1%          1    None
 Conjure Flame            Conj/Fire      ###.....     4%          3    ##.....
 Slow                     Hex            #.......     17%         2    None
 Call Imp                 Summ           #.......     17%         2    None


Dungeon Overview and Level Annotations

Branches:
Dungeon (9/15)             Temple (1/1) D:7             Orc (0/2) D:9
   Lair: D:8-11

Altars:
Ashenzari
Cheibriados
Dithmenos
Elyvilon
Gozag
Hepliaklqana
Kikubaaqudgha
Makhleb
Nemelex Xobeh
Okawaru
Qazlal
Ru
Sif Muna
Trog
Uskayaw
Vehumet
Wu Jian
Xom
Yredelemnul
Zin
The Shining One

Shops:
D:4 }

Annotations:
D:4 2 transporters
D:8 Psyche


Innate Abilities, Weirdness & Mutations

You have a beak for a mouth.
You have claws for feet.
You can fly.


Message History

* * * LOW HITPOINT WARNING * * *
Your magical contamination has completely faded away.
You feel better. The unseen horror hits you!
* * * LOW HITPOINT WARNING * * *
The unseen horror completely misses you.
Things that are here:
a chain mail; a scimitar You block the unseen horror's attack.
Things that are here:
a robe; a battleaxe The unseen horror barely misses you.
The unseen horror hits you!
* * * LOW HITPOINT WARNING * * *
You feel better. The unseen horror hits you!
* * * LOW HITPOINT WARNING * * *
The unseen horror misses you. The unseen horror barely misses you.
There is a stone staircase leading up here.
The unseen horror hits you.
You die...

+.......... #..<.......
#.......... #'# #.####
#....# ####.# ###'####
#..@[..# #..x...##########
#......'........# #.
...#####..[...########.###.
#.....'..[...# ....
#######.....)# #...
#..[...# #... ##[##### #...
#).# #...


You could see an unseen horror (invisible).

Vanquished Creatures
  Grinder (D:8)
  Sigmund (D:5)
  3 wyverns (D:8)
  Eustachio (D:6)
  A hungry ghost (D:8)
  Edmund (D:6)
  4 orc warriors
  3 ice beasts
  3 ogres
  2 black bears
  2 phantoms
  A boggart (D:8)
  A centaur (D:6)
  A big kobold (D:5)
  6 bullfrogs
  2 scorpions
  5 killer bees
  11 wights
  2 howler monkeys
  5 crimson imps
  A bullfrog zombie (D:9)
  The ghost of htuhola the Firebug, a weakling DEFE (D:3)
  A centaur zombie (D:6)
  A quasit (D:6)
  5 orc priests
  3 hounds
  4 jellies
  Terence (D:2)
  A centaur skeleton (D:4)
  3 orc wizards
  Ijyb (D:4)
  2 iguanas
  5 worker ants
  6 gnolls
  13 adders
  3 shadow imps
  An adder zombie (D:5)
  3 worms
  2 dart slugs
  4 leopard geckos
  34 orcs
  A ball python (D:3)
  6 giant cockroaches
  6 goblins
  6 hobgoblins
  10 jackals
  10 kobolds
  2 quokkas (D:9)
  6 bats
  5 frilled lizards
  2 goblin skeletons (D:6)
  A goblin zombie (D:6)
  3 hobgoblin zombies (D:6)
  3 kobold skeletons (D:6)
  A kobold zombie (D:6)
  2 leopard gecko skeletons
  2 orc skeletons (D:6)
  11 rats
228 creatures vanquished.

Vanquished Creatures (others)
  A black bear (D:7)
  A big kobold (D:7)
  A scorpion (D:7)
  4 killer bees (D:7)
  A worker ant (D:7)
  An orc (D:7)
  A giant cockroach (D:7)
  5 fungi (D:9)
15 creatures vanquished.

Grand Total: 243 creatures vanquished

Notes
Turn   | Place    | Note
-------+----------+-------------------------------------------
     0 | D:1      | Oravi the Tengu Air Elementalist began the quest for the Orb.
     0 | D:1      | Reached XP level 1. HP: 10/10 MP: 4/4
   128 | D:1      | Reached XP level 2. HP: 15/15 MP: 0/6
  1042 | D:2      | Reached XP level 3. HP: 19/19 MP: 4/7
  1372 | D:2      | Noticed a black bear
  1377 | D:2      | Learned a level 2 spell: Swiftness
  1381 | D:2      | Learned a level 3 spell: Static Discharge
  1391 | D:2      | Killed a black bear
  1391 | D:2      | Reached skill level 5 in Air Magic
  1391 | D:2      | Reached XP level 4. HP: 6/24 MP: 0/9
  1391 | D:2      | Gained mutation: You can fly. [Tengu growth]
  1391 | D:2      | Reached XP level 5. HP: 7/28 MP: 0/10
  1646 | D:2      | Noticed Terence
  1719 | D:2      | Killed Terence
  1984 | D:2      | Noticed a moth of wrath
  1988 | D:2      | Found a bloodstained altar of Trog.
  2960 | D:3      | Reached XP level 6. HP: 32/32 MP: 3/12
  3157 | D:3      | Noticed htuhola's ghost (weakling DEFE)
  3238 | D:3      | Found a snail-covered altar of Cheibriados.
  3254 | D:3      | Killed htuhola's ghost
  3254 | D:3      | Reached skill level 6 in Air Magic
  3324 | D:3      | Learned a level 4 spell: Airstrike
  3798 | D:3      | Found a hide-covered altar of Uskayaw.
  3798 | D:3      | Found a white marble altar of Elyvilon.
  4082 | D:4      | Found a transporter.
  4512 | D:4      | Found a transporter.
  4553 | D:4      | Found Rimaeth's Gadget Shoppe.
  4592 | D:4      | Reached skill level 1 in Shields
  4592 | D:4      | Reached skill level 5 in Conjurations
  4592 | D:4      | Reached XP level 7. HP: 36/36 MP: 9/13
  5039 | D:5      | Entered Level 5 of the Dungeon
  5269 | D:5      | Noticed Grinder
  5332 | D:5      | Noticed Ijyb
  5334 | D:5      | Noticed Sigmund
  5348 | D:4      | Killed Ijyb
  5740 | D:5      | Reached skill level 7 in Air Magic
  5829 | D:5      | Reached XP level 8. HP: 34/41 MP: 0/15
  6260 | D:5      | Killed Sigmund
  6260 | D:5      | Reached skill level 1 in Fighting
  7109 | D:6      | Noticed Eustachio
  7272 | D:6      | Killed Eustachio
  7284 | D:6      | Learned a level 5 spell: Lightning Bolt
  7635 | D:6      | Found a glowing golden altar of the Shining One.
  7806 | D:6      | Reached skill level 5 in Spellcasting
  8047 | D:6      | Reached skill level 8 in Air Magic
  8222 | D:6      | Reached skill level 5 in Stealth
  8222 | D:6      | Reached XP level 9. HP: 49/49 MP: 11/17
  8477 | D:6      | Noticed Edmund
  8490 | D:6      | Killed Edmund
  8851 | D:6      | Learned a level 2 spell: Blink
  9193 | D:6      | Found a stormy altar of Qazlal.
  9262 | D:7      | Found a staircase to the Ecumenical Temple.
  9270 | Temple   | Entered the Ecumenical Temple
  9281 | Temple   | Became a worshipper of Vehumet
  9427 | D:7      | Found a shimmering altar of Xom.
  9751 | D:7      | Found a sparkling altar of Nemelex Xobeh.
  9968 | D:7      | Found a shimmering altar of Xom.
 10584 | D:8      | Found a burning altar of Makhleb.
 10609 | D:8      | Found a hazy altar of Hepliaklqana.
 11429 | D:8      | Reached skill level 9 in Air Magic
 11706 | D:8      | Reached XP level 10. HP: 57/57 MP: 6/20
 11985 | D:8      | Killed Grinder
 12519 | D:9      | Reached * piety under Vehumet
 12519 | D:9      | Offered knowledge of Sting by Vehumet.
 12528 | D:9      | Learned a level 1 spell: Sting
 13096 | D:9      | Noticed Psyche
 13103 | D:9      | Noticed a death yak
 13317 | D:8      | HP: 1/58 [Psyche/puff of flame (10)]
 13976 | D:9      | Reached skill level 5 in Fighting
 13976 | D:9      | Reached skill level 1 in Poison Magic
 14154 | D:9      | Noticed a two-headed ogre
 14203 | D:8      | Learned a level 3 spell: Mephitic Cloud
 14233 | D:9      | Noticed a death yak
 14234 | D:9      | Noticed a death yak
 14735 | D:9      | Found a staircase to the Orcish Mines.
 14765 | D:9      | Reached skill level 5 in Dodging
 14778 | D:9      | Noticed an unseen horror
 14789 | D:9      | Reached skill level 10 in Air Magic
 14799 | D:9      | HP: 2/59 [unseen horror (8)]
 14802 | D:9      | Slain by an unseen horror

Vault maps used:
D:1:      roderic_dead_forest
D:2:      tgw_trog, uniq_terence
D:3:      kennysheep_slug_shrine, gammafunk_temple_overflow_wave, first_ration
D:4:      gammafunk_steamed_eel, serial_shops, kennysheep_little_box
D:5:      uniq_ijyb, uniq_grinder, uniq_sigmund
D:6:      lemuel_coloured_pillars_altar, nicolae_tso_besieged_by_evil,
          uniq_edmund, uniq_eustachio
D:7:      nemelex_xobeh_ov_fountains_minmay, xom_confusion_cloud,
          minmay_temple_entry_crystal_x, basic_altar
D:8:      minmay_cornered_nines, bloody_makhleb, overflow_temple_1_default,
          enter_bailey_2, lightli_ossuary_entry_decrepit_ruins
D:9:      fedhas_altar_3, dpeg_lair_monsters, orc_david_3, grunt_tough_drop,
          uniq_psyche
Temple:   nicolae_temple_hex_pool

Skill      XL: |  1  2  3  4  5  6  7  8  9 10 |
---------------+-------------------------------+-----
Conjurations   | 2 3 4 5 7 8 9 |  9.1
Spellcasting   | 3 4 5 6 |  6.6
Air Magic      | 5 6 7 8 9 10 | 10.0
Stealth        | 3 5 6 |  6.0
Shields        | 1 2 3 4 |  4.0
Fighting       | 2 4 5 |  5.2
Dodging        | 3 5 |  5.0
Poison Magic   | 1 |  1.0

Action                   |  1- 3 |  4- 6 |  7- 9 | 10-12 || total
-------------------------+-------+-------+-------+-------++-------
Melee: Unarmed           |     2 |       |       |       ||     2
       Kick              |     1 |       |     3 |     6 ||    10
       Whip              |     5 |     1 |    13 |    32 ||    51
       Peck              |     1 |       |     3 |     7 ||    11
       Dagger            |     1 |       |       |       ||     1
       Staff             |       |       |     4 |     2 ||     6
Throw: Stone             |       |       |     4 |    18 ||    22
 Cast: Shock             |    47 |   142 |   406 |   138 ||   733
       Static Discharge  |     1 |       |    29 |    18 ||    48
       Lightning Bolt    |       |       |     6 |    17 ||    23
       Airstrike         |       |       |     1 |     4 ||     5
       Mephitic Cloud    |       |       |       |     4 ||     4
       Sting             |       |       |       |     4 ||     4
       Swiftness         |       |       |       |     1 ||     1
  Use: Scroll            |       |     4 |     9 |     3 ||    16
       Potion            |       |       |     1 |     7 ||     8
  Eat: Chunk             |     2 |    10 |    18 |     9 ||    39
       Ration            |       |       |     2 |     2 ||     4
Armor: Robe              |     1 |     9 |    11 |     9 ||    30
Dodge: Dodged            |    14 |    28 |    48 |    70 ||   160
Block: Buckler           |       |       |    10 |    39 ||    49

Table legend:
 A = Spawn XP
 B = Non-spawn XP
 C = Spawn XP percentage of total XP
 D = Spawn monster count
 E = Non-spawn monster count
 F = Spawn count percentage of total count
 G = Total turns spent on level
                    A         B        C        D         E        F      G
               +---------+---------+-------+---------+---------+-------+---------
         Total |       0 |    7502 |   0.0 |       0 |     228 |   0.0 | 14802
               +---------+---------+-------+---------+---------+-------+---------
           D:1 |       0 |      30 |   0.0 |       0 |      18 |   0.0 |  1003
           D:2 |       0 |     232 |   0.0 |       0 |      22 |   0.0 |  1912
           D:3 |       0 |     179 |   0.0 |       0 |      30 |   0.0 |  1047
           D:4 |       0 |     391 |   0.0 |       0 |      17 |   0.0 |  1253
           D:5 |       0 |     701 |   0.0 |       0 |      17 |   0.0 |  1593
           D:6 |       0 |    1425 |   0.0 |       0 |      44 |   0.0 |  2436
           D:7 |       0 |     488 |   0.0 |       0 |      16 |   0.0 |  1644
           D:8 |       0 |    2677 |   0.0 |       0 |      35 |   0.0 |  2731
           D:9 |       0 |    1379 |   0.0 |       0 |      29 |   0.0 |  1086
               +---------+---------+-------+---------+---------+-------+---------
